 Dungeon Crawl Stone Soup version 0.23.1 (console) character file.

Game seed: 0

1535 fly the Changer (level 8, 0/63 HPs)
             Began as a Demigod Transmuter on Mar 15, 2019.
             Slain by a gargoyle
             ... wielding a cursed -1 morningstar
              (14 damage)
             ... on level 9 of the Dungeon on Mar 16, 2019.
             The game lasted 00:12:21 (7050 turns).

fly the Changer (Demigod Transmuter)                Turns: 7050, Time: 00:12:23

Health: 0/63       AC:  5    Str: 17    XL:     8   Next: 30%
Magic:  20/20      EV: 14    Int: 17    God:
Gold:   307        SH:  0    Dex: 16    Spells: 9/18 levels left

rFire    . . .     SeeInvis .   a - +8 quarterstaff {pain, *Contam rN+ Stlth+}
rCold    . . .     Gourm    .   (shield currently unavailable)
rNeg     + + .     Faith    .   y - +1 robe
rPois    .         Spirit   .   e - +0 helmet
rElec    .         Reflect  .   (no cloak)
rCorr    .         Harm     .   r - +0 pair of gloves
MR       .....                  (no boots)
Stlth    ++........             G - amulet of the acrobat
HPRegen  0.20/turn              j - ring of positive energy
MPRegen  0.17/turn              n - ring of flight

@: no status effects
A: high mp 1
a: Evoke Flight


You were on level 9 of the Dungeon.
You were not hungry.

You visited 2 branches of the dungeon, and saw 10 of its levels.

You collected 307 gold pieces.

Inventory:

Hand Weapons
 a - the +8 quarterstaff "Leviticus" (weapon) {pain, *Contam rN+ Stlth+}
   (You found it on level 5 of the Dungeon)

   In the hands of one skilled in necromantic magic, it inflicts extra damage on
   living creatures.
   It protects you from negative energy.
   It causes magical contamination when unequipped.
   It makes you more stealthy.
 w - a +0 blowgun
 C - the +7 hunting sling of Chaos {flame, Str+2, unknown}
   (You found it on level 6 of the Dungeon)

   It causes projectiles fired from it to burn those they strike, causing extra
   injury to most foes and up to half again as much damage against particularly
   susceptible opponents.
   It affects your strength (+2).
Armour
 e - a +0 helmet (worn)
 r - a +0 pair of gloves (worn)
 y - a +1 robe (worn)
Magical Staves
 H - an uncursed staff of cold {unknown}
Jewellery
 j - a ring of positive energy (left hand)
 n - a ring of flight (right hand)
 G - an amulet of the acrobat (around neck)
Scrolls
 c - 3 scrolls of immolation
 g - 3 scrolls of identify {unknown}
 h - 3 scrolls of remove curse
 k - 3 scrolls of enchant weapon {unknown}
 l - 3 scrolls of enchant armour
 m - 3 scrolls of amnesia {unknown}
 o - 2 scrolls of teleportation
 q - a scroll of blinking {unknown}
 t - 2 scrolls of magic mapping
 E - a scroll of fear {unknown}
Potions
 b - a potion of haste {unknown}
 f - 2 potions of might {unknown}
 i - 2 potions of flight {unknown}
 p - a potion of brilliance {unknown}
 s - 2 potions of degeneration {unknown}
 u - 2 potions of resistance {unknown}
 v - 2 potions of ambrosia {unknown}
 x - 2 potions of mutation {unknown}
 A - 2 potions of lignification {unknown}
 B - 3 potions of cancellation {unknown}
 D - a potion of curing {unknown}
 F - a potion of heal wounds
Comestibles
 d - 9 rations
 z - a chunk of flesh


   Skills:
 + Level 3.4 Fighting
 + Level 3.5 Dodging
 - Level 3.0 Unarmed Combat
 - Level 5.9 Spellcasting
 - Level 6.0 Transmutations


You had 9 spell levels left.
You knew the following spells:

 Your Spells              Type           Power        Failure   Level  Hunger
b - Blade Hands           Tmut           ####......   30%         5    #####..
s - Spider Form           Tmut/Pois      ###.......   11%         3    ##.....
z - Beastly Appendage     Tmut           ####..       1%          1    None

Your spell library contained the following spells:

 Spells                   Type           Power        Failure   Level  Hunger
 Sticks to Snakes         Tmut           ####....     1%          2    None
 Ice Form                 Ice/Tmut       ###.....     36%         4    ####...


Dungeon Overview and Level Annotations

Branches:
Dungeon (10/15)            Temple (1/1) D:4
   Lair: D:8-11         Orc: D:9-12

Annotations:
D:7 Harold


Innate Abilities, Weirdness & Mutations

You have an increased reservoir of magic. (+10% MP)


Message History

The floor.
The gargoyle hurls a stone arrow at you.
The stone arrow hits you!
The gargoyle hurls a stone arrow at you.
The stone arrow hits you!
You hit the gargoyle.
The gargoyle is lightly damaged.
The gargoyle hits you with a cursed -1 morningstar!!
The gargoyle barely misses you.
You sock the gargoyle!
The gargoyle is moderately damaged.
The gargoyle hits you with a cursed -1 morningstar!
* * * LOW HITPOINT WARNING * * *
You hit the gargoyle.
The gargoyle is heavily damaged.
The gargoyle closely misses you.
You hit the gargoyle.
The gargoyle is heavily damaged.
The gargoyle hits you with a cursed -1 morningstar!
You die...

........############.
........>...†........
........÷............
.....................
###..................
#.............(....
#..................
#......##'#######>#
#.9@...#........#.#
...........#........#
#####......#........#
#......#........#
#......##########
#....... #####....
#.....


You could see a gargoyle.

Vanquished Creatures
  A hippogriff (D:10)
  3 orc warriors
  A hornet zombie (D:5)
  2 phantoms
  2 ogres
  A centaur (D:5)
  A bullfrog (D:4)
  A hound (D:4)
  An orc wizard (D:5)
  A centaur skeleton (D:5)
  3 orc priests
  4 worker ants
  A hound skeleton (D:4)
  A howler monkey zombie (D:6)
  2 gnolls (D:1)
  7 adders
  A shadow imp (D:5)
  An adder skeleton (D:4)
  A worm (D:3)
  4 dart slugs (D:1)
  2 leopard geckos
  15 orcs
  9 bats
  8 giant cockroaches
  7 goblins
  8 hobgoblins
  2 jackals (D:3)
  3 quokkas
  2 frilled lizards (D:2)
  A jackal skeleton (D:5)
  12 kobolds
  A leopard gecko skeleton (D:3)
  A leopard gecko zombie (D:6)
  An orc zombie (D:10)
  6 rats
117 creatures vanquished.

Notes
Turn   | Place    | Note
-------+----------+-------------------------------------------
     0 | D:1      | fly the Demigod Transmuter began the quest for the Orb.
     0 | D:1      | Reached XP level 1. HP: 15/15 MP: 5/5
    70 | D:1      | Reached skill level 1 in Fighting
    70 | D:1      | Reached XP level 2. HP: 9/23 MP: 5/7
   267 | D:1      | Reached skill level 2 in Transmutations
   365 | D:1      | Reached XP level 3. HP: 23/28 MP: 8/8
  1425 | D:2      | Reached XP level 4. HP: 34/36 MP: 8/10
  2245 | D:4      | Noticed an orc warrior
  2263 | D:3      | Learned a level 3 spell: Spider Form
  2322 | D:4      | Reached XP level 5. HP: 28/42 MP: 7/11
  2515 | D:4      | Killed an orc warrior
  2515 | D:4      | Reached skill level 3 in Transmutations
  2689 | D:4      | Found a staircase to the Ecumenical Temple.
  2698 | Temple   | Entered the Ecumenical Temple
  2868 | D:4      | Reached XP level 6. HP: 17/51 MP: 11/13
  3419 | D:4      | Learned a level 5 spell: Blade Hands
  3452 | D:5      | Entered Level 5 of the Dungeon
  4281 | D:5      | Reached skill level 4 in Transmutations
  4281 | D:5      | Reached XP level 7. HP: 50/57 MP: 10/16
  4350 | D:5      | Got a twisted quarterstaff
  4351 | D:5      | Identified the +8 quarterstaff "Leviticus" {pain, *Contam
                  | rN+ Stlth+} (You found it on level 5 of the Dungeon)
  5580 | D:6      | Reached skill level 5 in Spellcasting
  5580 | D:6      | Reached skill level 5 in Transmutations
  6276 | D:6      | Got a translucent hunting sling
  6621 | D:7      | Noticed Harold
  6634 | D:6      | Reached XP level 8. HP: 50/63 MP: 18/20
  6755 | D:7      | You fall through a shaft for 3 floors!
  6755 | D:10     | Entered Level 10 of the Dungeon
  6755 | D:10     | Found an ancient bone altar of Kikubaaqudgha.
  6756 | D:10     | Noticed a hippogriff
  6773 | D:10     | Killed a hippogriff
  6773 | D:10     | Reached skill level 6 in Transmutations
  7042 | D:9      | Noticed a gargoyle
  7050 | D:9      | Slain by a gargoyle

Skill      XL: |  1  2  3  4  5  6  7  8 |
---------------+-------------------------+-----
Fighting       | 1 2 3 |  3.4
Dodging        | 2 3 |  3.5
Transmutations | 2 3 4 5 6 |  6.0
Spellcasting   | 2 3 4 5 |  5.9
Unarmed Combat | 3 |  3.0

Action                   |  1- 3 |  4- 6 |  7- 9 || total
-------------------------+-------+-------+-------++-------
Melee: Unarmed           |   137 |   143 |    34 ||   314
       Kick              |    14 |    27 |     4 ||    45
       Headbutt          |     5 |       |       ||     5
       Punch             |       |     1 |       ||     1
       Quarterstaff      |       |       |    93 ||    93
 Cast: Beastly Appendage |    19 |    12 |     2 ||    33
       Spider Form       |       |     9 |     3 ||    12
  Use: Scroll            |       |       |     6 ||     6
       Potion            |       |       |     3 ||     3
 Stab: Sleeping          |     1 |     1 |     5 ||     7
  Eat: Chunk             |     2 |    10 |     9 ||    21
Armor: Robe              |    26 |    23 |    23 ||    72
       Skin              |       |     3 |     1 ||     4
Dodge: Dodged            |    98 |   101 |    87 ||   286
